 Dungeon Crawl Stone Soup version 0.28.0 (webtiles) character file.

Game seed: 8158498817828303868

1628 Placeboclown the Skirmisher (level 9, -1/67 (72) HPs)
             Began as a Formicid Abyssal Knight on Feb 7, 2022.
             Was a Priest of Lugonu.
             Slain by a wight (13 damage)
             ... on level 6 of the Dungeon.
             The game lasted 00:17:17 (10080 turns).

Placeboclown the Skirmisher (FoAK)                 Turns: 10080, Time: 00:17:17

HP:   -1/67 (72)    AC: 10    Str: 21    XL:     9   Next: 17%
MP:   12/12         EV: 10    Int: 11    God:    Lugonu [***...]
Gold: 215           SH:  0    Dex: 11    Spells: 8/8 levels left

rFire   . . .      SeeInvis +   a - +1 spear (venom)
rCold   . . .      Faith    .   (no shield)
rNeg    . . .      Spirit   .   o - +0 scale mail
rPois   .          Reflect  .   (helmet unavailable)
rElec   .          Harm     .   j - +0 cloak
rCorr   .          Rampage  .   (no gloves)
Will    .....                   i - +0 pair of boots
Stlth   ..........              (no amulet)
HPRegen 0.21/turn               (no ring)
MPRegen 0.13/turn               (no ring)

@: drained
A: permanent stasis, dig shafts and tunnels, antennae 3, four strong arms
a: Dig, Shaft Self, Renounce Religion, Depart the Abyss, Bend Space, Banish


You were on level 6 of the Dungeon.
You worshipped Lugonu.
Lugonu was most pleased with you.
You visited 1 branch of the dungeon, and saw 6 of its levels.
You visited the Abyss 1 time.

You collected 278 gold pieces.
You spent 63 gold pieces at shops.

Inventory:

Hand Weapons
 a - a +1 spear of venom (weapon)
 g - a +1 glaive of flaming
Missiles
 e - 3 javelins
 f - 187 stones
 l - a throwing net
 m - 4 poisoned darts (quivered)
Armour
 b - a +0 leather armour
 i - a +0 pair of boots (worn)
 j - a +0 cloak (worn)
 o - a +0 scale mail (worn)
Wands
 p - a wand of flame (32)
 q - a wand of polymorph (2)
 t - a wand of acid (8)
Scrolls
 d - a scroll of identify
Potions
 c - 3 potions of curing
 h - 3 potions of mutation
 n - a potion of invisibility
 r - a potion of magic


   Skills:
 + Level 7.3 Fighting
 * Level 6.8 Polearms
 + Level 6.7 Armour
 - Level 1.1 Dodging
 + Level 4.0 Invocations


You had 8 spell levels left.
You didn't know any spells.
Your spell library contained the following spells:

 Spells                   Type           Power      Damage    Failure   Level
 Sting                    Tmut/Pois      0%         1d3       65%         1
 Ensorcelled Hibernation  Hex/Ice        0%         N/A       78%         2
 Passwall                 Tmut/Erth      0%         N/A       78%         2
 Swiftness                Air            Unusable   N/A       N/A         3

Dungeon Overview and Level Annotations

Branches:
Dungeon (6/15)             Temple (0/1) D:5

Altars:
Dithmenos
Kikubaaqudgha
Vehumet

Shops:
D:4 *=   D:6 =


Innate Abilities, Weirdness & Mutations

You cannot be hasted, slowed, berserked, paralysed or teleported.
You can dig through walls and to a lower floor.
You have a pair of large antennae on your head. (SInv)
Your four strong arms can wield two-handed weapons with a shield.


Message History

The sky beast is severely wounded.
The wight hits you from afar with a +4 halberd!
The sky beast barely misses you.
Reach: a) +1 spear (venom)
Press: ? - help, Dir - move target, f - wight
Aim: a wight, wielding a +4 halberd and wearing a +0 robe (about 34% to evade your +1 spear of venom)
The sky beast is in the way.
You hit the sky beast.
The sky beast looks as sick as possible!
The sky beast is almost dead.
Unknown command.
The wight closely misses you.
You kill the sky beast!
Lugonu accepts your kill.
Your Invocations skill increases to level 4!
You reach to attack!
You hit the wight but do no damage. The wight hits you but does no damage.
You reach to attack!
You hit the wight.
The wight is moderately damaged.
The wight hits you from afar with a +4 halberd!
You feel drained. The wight hits you with a +4 halberd.
You are too injured to fight recklessly!
You are too injured to fight recklessly!
You are too injured to fight recklessly!
You are too injured to fight recklessly!
You are too injured to fight recklessly!
You closely miss the wight.
The wight is moderately damaged.
You closely miss the wight.
The wight is moderately damaged.
The wight hits you with a +4 halberd!
You hit the wight.
The wight is moderately damaged.
The wight hits you with a +4 halberd!
* * * LOW HITPOINT WARNING * * *
You feel drained.
* * * LOW HITPOINT WARNING * * *
The wight hits you but does no damage.
The wight hits you from afar with a +4 halberd!
You die...

## ########## .#
#........# .#
#........# .#
#..#####<######## .#
###..# #.#......# .#
#######....#
#...z....## .#
#.......#@.#
#.#..###... .#
##.#######..#####.##.#
###. ## ##...##
##.z.....##.##{ ##
#.###.##
###.######..## #.#
#..# #.# #...##
#.###..# ##+## #.#..##
##...#.# ##...##
#.##..## #####.#
##.....## #......#
##.#.#
##.......######....


You could see a wight.

Vanquished Creatures
  Menkaure (D:4)
  A water moccasin (D:6)
  An ice beast (D:6)
  2 ogres (D:4)
  2 sky beasts (D:6)
  A necrophage (D:3)
  3 scorpions (D:5)
  A water moccasin skeleton (D:6)
  2 hounds
  2 bullfrog skeletons
  2 jellies (D:6)
  2 orc priests (D:6)
  2 iguanas
  Natasha (thrice) (D:4)
  An orc wizard (D:5)
  10 gnolls
  5 adders
  A river rat (D:6)
  A shadow imp (D:6)
  3 white imps
  2 worms
  4 dart slugs
  14 orcs
  6 ball pythons
  9 endoplasms
  A giant cockroach (D:1)
  6 hobgoblins
  4 quokkas
  7 bats
  5 frilled lizards
  5 goblins
  7 kobolds
  3 rats
119 creatures vanquished.

Vanquished Creatures (others)
  2 plants (D:3)
2 creatures vanquished.

Grand Total: 121 creatures vanquished

Notes
Turn   | Place    | Note
-------+----------+-------------------------------------------
     0 | Abyss:1  | Placeboclown the Formicid Abyssal Knight began the quest
                  | for the Orb.
     0 | Abyss:1  | Reached XP level 1. HP: 18/18 MP: 2/2
    55 | D:1      | Escaped the Abyss
   102 | D:1      | Reached skill level 1 in Dodging
   273 | D:1      | Reached XP level 2. HP: 20/24 MP: 3/3
   999 | D:1      | Reached XP level 3. HP: 19/29 MP: 4/4
  1133 | D:1      | Reached ** piety under Lugonu
  2279 | D:3      | Reached XP level 4. HP: 33/37 MP: 5/5
  2482 | D:2      | Reached skill level 4 in Fighting
  2700 | D:3      | Noticed a necrophage
  2725 | D:3      | Killed a necrophage
  2726 | D:3      | Reached XP level 5. HP: 29/43 MP: 6/6
  2825 | D:3      | Found a shadowy altar of Dithmenos.
  2828 | D:3      | Found an ancient bone altar of Kikubaaqudgha.
  3165 | D:3      | Found a faded altar of an unknown god.
  3169 | D:3      | Got Plato's Tome of Poisoning and Transmutation
  3256 | D:4      | Noticed Menkaure
  3760 | D:4      | Noticed Natasha
  3775 | D:4      | Killed Natasha
  3776 | D:4      | Reached XP level 6. HP: 30/49 MP: 7/7
  4011 | D:4      | Found Soegimes's Elemental Accessories.
  4013 | D:4      | Noticed an ogre
  4034 | D:4      | Killed an ogre
  4035 | D:4      | Reached skill level 5 in Fighting
  4108 | D:4      | Bought a wand of flame (7) for 63 gold pieces
  4220 | D:4      | Noticed Natasha
  4250 | D:5      | Entered Level 5 of the Dungeon
  4254 | D:4      | Killed Natasha
  4455 | D:4      | Noticed Natasha
  4470 | D:4      | Killed Natasha
  4531 | D:4      | Found Roomnir's One-of-a-Kind Rings.
  4770 | D:3      | Reached XP level 7. HP: 38/56 MP: 8/8
  5956 | D:4      | Killed Menkaure
  5957 | D:4      | Reached skill level 5 in Armour
  6372 | D:5      | Found a staircase to the Ecumenical Temple.
  6390 | D:5      | Found a radiant altar of Vehumet.
  6967 | D:5      | Reached skill level 6 in Fighting
  7152 | D:5      | Reached skill level 5 in Polearms
  7152 | D:5      | Reached XP level 8. HP: 56/64 MP: 9/9
  8491 | D:6      | Identified a scroll of acquirement
  8491 | D:6      | Acquired a +1 glaive of flaming
  8906 | D:5      | Reached *** piety under Lugonu
  9505 | D:6      | Found Tirues's Jewellery Emporium.
  9665 | D:6      | Reached skill level 7 in Fighting
  9687 | D:6      | Reached XP level 9. HP: 48/72 MP: 11/11
 10080 | D:6      | Slain by a wight

Illustrated notes

Levels and vault maps discovered:
D:1:      mainiacjoe_arrival_reflecting_pool, layout_basic
D:2:      layout_loops_cross
D:3:      layout_basic, nicolae_overflow_squiral,
          shapermc_ecumenical_altar_rom_forum, serial_bayou_crossing
D:4:      nicolae_cairo_tiling_large, layout_cave_pods,
          nicolae_shop_unique_rings, nicolae_elemental_shop, sigmund_army,
          uniq_menkaure, uniq_natasha
D:5:      cheibrodos_iron_armory, layout_basic, vehumet_altar_wand_db,
          minmay_temple_entry_stoned_glass
D:6:      layout_loops_corners, serial_shops, nicolae_shop_waterfront,
          cheibrodos_sewer_entry_sluice, minmay_manual_mandibuliform

Skill      XL: |  1  2  3  4  5  6  7  8  9 |
---------------+----------------------------+-----
Dodging        | 1 |  1.1
Armour         | 3 4 5 6 |  6.7
Fighting       | 4 5 6 7 |  7.3
Polearms       | 3 4 5 6 |  6.8
Invocations    | 3 4 |  4.0

Action                   |  1- 3 |  4- 6 |  7- 9 || total
-------------------------+-------+-------+-------++-------
Melee: Spear             |   104 |   123 |   340 ||   567
       Punch             |     2 |       |     5 ||     7
       Unarmed           |       |    11 |       ||    11
Throw: Dart              |       |     5 |     8 ||    13
       Stone             |       |       |     2 ||     2
Invok: Bend Space        |       |       |     2 ||     2
Evoke: Wand              |       |     2 |     7 ||     9
  Use: Scroll            |       |       |    10 ||    10
 Stab: Sleeping          |     1 |       |       ||     1
Armor: Leather armour    |    16 |    18 |       ||    34
       Scale mail        |       |    14 |    83 ||    97
       Skin              |       |     2 |       ||     2
Dodge: Dodged            |    34 |    67 |   146 ||   247
